 Dungeon Crawl Stone Soup version 0.22-a0-354-g30dfbe6 (webtiles) character file.

973 RoseArtemis the Chopper (level 7, -2/63 HPs)
             Began as a Minotaur Fighter on Apr 16, 2018.
             Slain by Sigmund
             ... wielding a cursed -1 scythe
              (3 damage)
             ... on level 5 of the Dungeon.
             The game lasted 00:10:33 (3834 turns).

RoseArtemis the Chopper (Minotaur Fighter)          Turns: 3834, Time: 00:10:34

Health: -2/63      AC:  8    Str: 21    XL:     7   Next: 94%
Magic:  6/6        EV:  7    Int:  6    God:
Gold:   180        SH:  8    Dex: 10    Spells: 6/6 levels left

rFire    . . .     SeeInvis .   a - +0 war axe
rCold    . . .     Gourm    .   c - +0 shield
rNeg     . . .     Faith    .   b - +0 scale mail
rPois    .         Spirit   .   (helmet restricted)
rElec    .         Reflect  .   (no cloak)
rCorr    .         Harm     .   d - +1 pair of gloves
MR       .....                  (no boots)
Stlth    ..........             (no amulet)
HPRegen  0.20/turn              (no ring)
MPRegen  0.10/turn              (no ring)

@: very heavily drained
A: retaliatory headbutt, horns 2
a: no special abilities


You were on level 5 of the Dungeon.
You were not hungry.

You visited 1 branch of the dungeon, and saw 5 of its levels.

You collected 180 gold pieces.

Inventory:

Hand Weapons
 a - a +0 war axe (weapon)
Missiles
 o - a throwing net (quivered)
Armour
 b - a +0 scale mail (worn)
 c - a +0 shield (worn)
 d - a +1 pair of gloves (worn)
Jewellery
 s - an uncursed amulet of harm {unknown}
Scrolls
 l - a scroll of noise {unknown}
 m - a scroll of teleportation {unknown}
 p - a scroll of fear {unknown}
 q - a scroll of remove curse
Potions
 e - a potion of mutation {unknown}
 g - a potion of heal wounds
 n - 2 potions of flight
 r - 2 potions of haste {unknown}
 t - a potion of lignification {unknown}
Comestibles
 f - 8 rations
 j - 2 chunks of flesh


   Skills:
 + Level 6.1(2.0) Fighting
 * Level 7.3(3.1) Axes
 + Level 6.0(1.9) Armour
 + Level 6.0(1.9) Shields


You had 6 spell levels left.
You didn't know any spells.

Dungeon Overview and Level Annotations

Branches:
Dungeon (5/15)
 Temple: D:4-7

Altars:
Elyvilon

Annotations:
D:5 Sigmund


Innate Abilities, Weirdness & Mutations

You reflexively headbutt those who attack you in melee.
You have a pair of horns on your head.


Message History

The bullfrog zombie hits you but does no damage.
The bullfrog zombie closely misses you. Something hits you!
You slash the bullfrog zombie!
You destroy the bullfrog zombie!
Your base Shields skill increases to level 6!
You completely miss something.
You hear some strange, mumbled words.
Something tries to affect you, but you resist.
Something hits you but does no damage.
Your magical contamination has completely faded away.
Something hits you!
* * * LOW HITPOINT WARNING * * *
Something hits you!
* * * LOW HITPOINT WARNING * * *
You miss something. Your headbutt misses something.
Something hits you but does no damage.
You closely miss something. You headbutt something. Something hits you!
* * * LOW HITPOINT WARNING * * *
You barely miss something. Your headbutt misses something. Something hits you.
You die...

* *** #.# *,* ******* **,**
#.# *,* ,,,,,,***#*,*,** #.#
*,* **,,,,,,,..***,* #.#***,*
*****,****#.*,** #.#*,,,* *
*,* *#.############รท#*,*,* *
*,***###.....##.......#*,*,*
*
*<,,,...........#######*,*,*
**********######@#### *,*,*
,>,***** #.# *,*,** ,,,,,,,**
###.## *,*,,,
**,**,..######....# *,****
*,**,#........#..#######***,*
*,**,..########....>....,,,,*
*,****** #.########***** *,*
#<# *,* ******#.# *****


There were no monsters in sight!

Vanquished Creatures
  The ghost of Tungsten the Cudgeler, a novice HuCK (D:4)
  A hippogriff (D:3)
  The ghost of RoseArtemis the Poker, a weakling MfGl of Makhleb (D:3)
  A howler monkey (D:5)
  A bullfrog zombie (D:5)
  An orc priest (D:4)
  An iguana (D:4)
  3 orc wizards
  A worker ant (D:4)
  Robin (D:4)
  2 howler monkey skeletons (D:4)
  6 adders
  An adder skeleton (D:4)
  A worm (D:2)
  6 dart slugs
  3 leopard geckos
  9 orcs
  10 bats
  4 giant cockroaches
  17 goblins
  11 hobgoblins
  8 jackals
  5 kobolds
  2 quokkas
  3 ball pythons
  7 frilled lizards
  A jackal skeleton (D:4)
  15 rats
123 creatures vanquished.

Notes
Turn   | Place    | Note
-------+----------+-------------------------------------------
     0 | D:1      | RoseArtemis the Minotaur Fighter began the quest for the Orb.
     0 | D:1      | Reached XP level 1. HP: 19/19 MP: 0/0
     2 | D:1      | Noticed a formicid
     2 | D:1      | Noticed a demigod
     4 | D:1      | Noticed a ghoul
     6 | D:1      | Noticed a felid
     6 | D:1      | Noticed an elf
     8 | D:1      | Noticed a draconian
     8 | D:1      | Noticed an ogre
    10 | D:1      | Noticed a demonspawn
    10 | D:1      | Noticed a spriggan
    12 | D:1      | Noticed a vine stalker
    12 | D:1      | Noticed a human
    14 | D:1      | Noticed a gargoyle
    16 | D:1      | Noticed a halfling
    16 | D:1      | Noticed an octopode
    18 | D:1      | Noticed a naga
    18 | D:1      | Noticed a vampire
    20 | D:1      | Noticed a centaur
    22 | D:1      | Noticed a dwarf
    24 | D:1      | Noticed a troll
    24 | D:1      | Noticed a tengu
    26 | D:1      | Noticed a minotaur
    26 | D:1      | Noticed a merfolk
   168 | D:1      | Reached XP level 2. HP: 23/27 MP: 1/1
   250 | D:1      | Reached skill level 3 in Axes
   554 | D:1      | Reached XP level 3. HP: 33/33 MP: 2/2
  1291 | D:2      | Reached XP level 4. HP: 38/40 MP: 3/3
  1384 | D:2      | Reached skill level 4 in Axes
  1413 | D:2      | Found a white marble altar of Elyvilon.
  1836 | D:3      | Reached XP level 5. HP: 47/47 MP: 4/4
  1937 | D:3      | Noticed RoseArtemis's ghost (weakling MfGl)
  1956 | D:3      | Killed RoseArtemis's ghost
  2294 | D:3      | Noticed a hippogriff
  2302 | D:3      | Killed a hippogriff
  2302 | D:3      | Reached skill level 5 in Fighting
  2302 | D:3      | Reached skill level 5 in Axes
  2302 | D:3      | Reached skill level 5 in Armour
  2302 | D:3      | Reached skill level 5 in Shields
  2302 | D:3      | Reached XP level 6. HP: 35/56 MP: 5/5
  3021 | D:4      | Noticed Tungsten's ghost (novice HuCK)
  3069 | D:4      | Killed Tungsten's ghost
  3069 | D:4      | Reached skill level 6 in Axes
  3069 | D:4      | Reached XP level 7. HP: 41/62 MP: 6/6
  3238 | D:4      | Noticed Robin
  3244 | D:4      | Reached skill level 7 in Axes
  3245 | D:4      | Killed Robin
  3755 | D:5      | Entered Level 5 of the Dungeon
  3798 | D:5      | Noticed Sigmund
  3833 | D:5      | HP: 1/63 [something (7)]
  3834 | D:5      | Slain by Sigmund

Vault maps used:
D:1:      kb_arrival_jail
D:2:      elyvilon_altar_1, kennysheep_generic_room_7
D:3:      first_ration
D:4:      uniq_robin
D:5:      old_standard_altar, uniq_eustachio, uniq_sigmund

Skill      XL: |  1  2  3  4  5  6  7 |
---------------+----------------------+-----
Axes           | 3 4 5 6 7 |  7.3
Fighting       | 4 5 6 |  6.1
Shields        | 4 5 6 |  6.0
Armour         | 4 5 6 |  6.0

Action                   |  1- 3 |  4- 6 |  7- 9 || total
-------------------------+-------+-------+-------++-------
Melee: War axe           |    96 |   213 |    64 ||   373
       Headbutt          |    12 |    25 |    15 ||    52
  Use: Potion            |       |     4 |     1 ||     5
       Scroll            |       |     3 |     4 ||     7
  Eat: Chunk             |     1 |     6 |     3 ||    10
Armor: Scale mail        |    51 |    86 |    27 ||   164
Dodge: Dodged            |    32 |    43 |    19 ||    94
Block: Shield            |    60 |   116 |    23 ||   199

Table legend:
 A = Spawn XP
 B = Non-spawn XP
 C = Spawn XP percentage of total XP
 D = Spawn monster count
 E = Non-spawn monster count
 F = Spawn count percentage of total count
 G = Total turns spent on level
                    A         B        C        D         E        F      G
               +---------+---------+-------+---------+---------+-------+---------
         Total |       0 |    1390 |   0.0 |       0 |     123 |   0.0 |  3834
               +---------+---------+-------+---------+---------+-------+---------
           D:1 |       0 |      48 |   0.0 |       0 |      26 |   0.0 |   993
           D:2 |       0 |      95 |   0.0 |       0 |      31 |   0.0 |   727
           D:3 |       0 |     432 |   0.0 |       0 |      30 |   0.0 |   883
           D:4 |       0 |     716 |   0.0 |       0 |      34 |   0.0 |  1152
           D:5 |       0 |      99 |   0.0 |       0 |       2 |   0.0 |    79
               +---------+---------+-------+---------+---------+-------+---------
